 Dungeon Crawl Stone Soup version 0.24.1-14-gf8d2b509d9 (webtiles) character file.

Game seed: 7758282943310555097, levelgen mode: deterministic

1081 Peloso the Slasher (level 8, 0/68 HPs)
             Began as a Ghoul Fighter on May 23, 2020.
             Was an Initiate of Okawaru.
             Slain by a black bear (10 damage)
             ... on level 6 of the Dungeon.
             The game lasted 00:13:49 (5255 turns).

Peloso the Slasher (Ghoul Fighter)                  Turns: 5255, Time: 00:13:50

Health: 0/68       AC:  7    Str: 21    XL:     8   Next: 29%
Magic:  7/7        EV:  8    Int:  3    God:    Okawaru [......]
Gold:   365        SH:  9    Dex:  9    Spells: 7/7 levels left

rFire    . . .     SeeInvis .   a - +0 long sword
rCold    + . .     Gourm    .   c - +0 shield
rNeg     + + +     Faith    .   b - +0 scale mail
rPois    ∞         Spirit   .   (no helmet)
rElec    .         Reflect  .   (no cloak)
rCorr    .         Harm     .   (no gloves)
MR       .....                  (no boots)
Stlth    ..........             l - amulet of the acrobat
HPRegen  0.00/turn              (no ring)
MPRegen  0.10/turn              (no ring)

@: rotting
A: rotting body, claws 1, carnivore, cold resistance 1, negative energy
resistance 3, inhibited regeneration, torment resistance, unbreathing
a: Renounce Religion


You were on level 6 of the Dungeon.
You worshipped Okawaru.
Okawaru was noncommittal.
You were not hungry.

You visited 2 branches of the dungeon, and saw 7 of its levels.

You collected 365 gold pieces.

Inventory:

Hand Weapons
 a - a +0 long sword (weapon)
Armour
 b - a +0 scale mail (worn)
 c - a +0 shield (worn)
Jewellery
 h - a +3 ring of evasion {unknown}
 l - an amulet of the acrobat (around neck)
 s - an uncursed amulet of rage {unknown}
Scrolls
 e - a scroll of vulnerability {unknown}
 i - 2 scrolls of identify
 j - a scroll of noise {unknown}
 m - 2 scrolls of magic mapping {unknown}
 n - 2 scrolls of enchant weapon {unknown}
 o - 3 scrolls of teleportation {unknown}
 p - 3 scrolls of remove curse {unknown}
Potions
 d - a potion of cancellation
 g - 2 potions of curing
 k - 3 potions of mutation {unknown}
 q - a potion of agility {unknown}
 r - a potion of invisibility {unknown}
Comestibles
 f - 13 rations


   Skills:
 + Level 5.2 Fighting
 + Level 5.6 Long Blades
 + Level 4.4 Armour
 + Level 1.9 Dodging
 + Level 1.5 Stealth
 + Level 4.5 Shields


You had 7 spell levels left.
You didn't know any spells.
Your spell library contained the following spells:

 Spells                   Type           Power        Failure   Level  Hunger
 Confusing Touch          Hex            #.....       99%         1    ##.....
 Confuse                  Hex            #.......     100%        3    ####...
 Gell's Gravitas          Tloc           #.........   100%        3    ####...
 Petrify                  Tmut/Erth      #.......     100%        4    #####..
 Metabolic Englaciation   Hex/Ice        #.........   100%        5    ######.
 Yara's Violent Unravell  Hex/Tmut       #.........   100%        5    ######.


Dungeon Overview and Level Annotations

Branches:
Dungeon (6/15)             Temple (1/1) D:4

Altars:
Cheibriados
Dithmenos
Elyvilon
Fedhas
Gozag
Hepliaklqana
Kikubaaqudgha
Makhleb
Nemelex Xobeh
Okawaru
Qazlal
Ru
Sif Muna
Trog
Uskayaw
Vehumet
Wu Jian
Xom
Yredelemnul
Zin
The Shining One

Shops:
D:4 :


Innate Abilities, Weirdness & Mutations

Your body is rotting away.
You thrive on raw meat.
You are immune to poison.
You have sharp fingernails.
You are carnivorous and can eat meat at any time.
Your flesh is cold resistant. (rC+)
You are immune to negative energy. (rN+++)
You do not regenerate when monsters are visible.
You are immune to unholy pain and torment.
You can survive without breathing.


Message History

The black bear bites you.
* * * LOW HITPOINT WARNING * * *
The black bear claws you but does no damage.
The black bear claws you.
* * * LOW HITPOINT WARNING * * *
The black bear bites you but does no damage.
The black bear closely misses you.
The black bear claws you but does no damage.
Unknown command.
You slash the black bear!
The black bear is almost dead.
The black bear bites you.
* * * LOW HITPOINT WARNING * * *
The black bear claws you.
* * * LOW HITPOINT WARNING * * *
The black bear claws you but does no damage.
You block the black bear's attack. The black bear barely misses you.
You block the black bear's attack.
You feel better. The black bear bites you!
You die...

### #############..
#......>h...... #.@# #.#
#.†# #.# #.####..# #.#
......!.#####.# ##+##.
#.............#####.....
......<..............(..
#####.#########.........
#.# #.###..... #.#####
#.# #.....


You could see a black bear (berserk).

Vanquished Creatures
  Sigmund (D:2)
  A phantom (D:5)
  A sky beast (D:6)
  2 ogres
  2 jellies
  3 hounds
  A bullfrog skeleton (D:5)
  2 iguanas (D:4)
  Ijyb (D:4)
  Natasha (thrice) (D:2)
  A worker ant (D:4)
  A hound zombie (D:6)
  Robin (D:4)
  9 adders
  A shadow imp (D:4)
  An ooze (D:3)
  An adder skeleton (D:4)
  4 worms
  A dart slug (D:2)
  4 leopard geckos
  An orc (D:3)
  2 giant cockroaches
  7 hobgoblins
  4 jackals (D:1)
  7 kobolds
  2 quokkas
  A ball python (D:2)
  7 bats
  7 frilled lizards
  17 goblins
  8 rats
104 creatures vanquished.

Notes
Turn   | Place    | Note
-------+----------+-------------------------------------------
     0 | D:1      | Peloso the Ghoul Fighter began the quest for the Orb.
     0 | D:1      | Reached XP level 1. HP: 19/19 MP: 0/0
    64 | D:1      | Reached XP level 2. HP: 18/26 MP: 1/1
   428 | D:1      | Reached XP level 3. HP: 33/33 MP: 2/2
   639 | D:2      | Noticed Sigmund
   655 | D:2      | Killed Sigmund
   655 | D:2      | Reached XP level 4. HP: 11/40 MP: 3/3
   655 | D:2      | Reached XP level 5. HP: 13/46 MP: 4/4
   949 | D:2      | Found a hazy altar of Hepliaklqana.
  1020 | D:2      | Noticed Natasha
  1032 | D:2      | Killed Natasha
  1032 | D:2      | Reached XP level 6. HP: 35/52 MP: 5/5
  1218 | D:2      | Reached skill level 1 in Dodging
  1368 | D:2      | Found a burning altar of Makhleb.
  1371 | D:2      | Found a radiant altar of Vehumet.
  1379 | D:2      | Found a bloodstained altar of Trog.
  1536 | D:2      | Noticed Natasha
  1546 | D:2      | Killed Natasha
  1716 | D:2      | Noticed Natasha
  1727 | D:2      | Killed Natasha
  2492 | D:3      | Reached XP level 7. HP: 57/59 MP: 6/6
  3187 | D:4      | Found Toylif's Book Emporium.
  3217 | D:4      | Noticed Ijyb
  3228 | D:4      | Paralysed by Ijyb for 7 turns
  3239 | D:4      | Paralysed by Ijyb for 4 turns
  3246 | D:4      | Paralysed by Ijyb for 3 turns
  3254 | D:4      | Paralysed by Ijyb for 3 turns
  3264 | D:4      | Killed Ijyb
  3433 | D:4      | Found a staircase to the Ecumenical Temple.
  3451 | Temple   | Entered the Ecumenical Temple
  3480 | Temple   | Became a worshipper of Warmaster Okawaru
  3546 | D:4      | Noticed Robin
  3552 | D:4      | Reached skill level 5 in Long Blades
  3581 | D:4      | Killed Robin
  4201 | D:5      | Entered Level 5 of the Dungeon
  4817 | D:5      | Reached skill level 5 in Fighting
  4919 | D:5      | Found an ornate altar of the Wu Jian Council.
  5003 | D:5      | Reached XP level 8. HP: 64/65 MP: 7/7
  5153 | D:6      | Found a white marble altar of Elyvilon.
  5179 | D:6      | Reached skill level 1 in Stealth
  5254 | D:6      | HP: 3/68 [black bear (6)]
  5255 | D:6      | Slain by a black bear

Levels and vault maps discovered:
D:1:      minmay_arrival_wavy_path, layout_basic, hex_intersection
D:2:      layout_basic, lemuel_crystal_altar, grunt_temple_overflow_diamond,
          uniq_sigmund, uniq_natasha
D:3:      layout_basic, first_ration, fountainhead
D:4:      layout_loops_ring, temple_statues, serial_shops, shop_coins,
          uniq_ijyb, uniq_robin
D:5:      layout_rooms, lemuel_round_altar, kennysheep_generic_room_7
D:6:      lemuel_ratsnest, layout_basic, elyvilon_altar_3
Temple:   eino_wide_crystal_templ

Skill      XL: |  1  2  3  4  5  6  7  8 |
---------------+-------------------------+-----
Long Blades    | 2 3 4 5 |  5.6
Armour         | 3 4 |  4.4
Shields        | 3 4 |  4.5
Fighting       | 4 5 |  5.2
Dodging        | 1 |  1.9
Stealth        | 1 |  1.5

Action                   |  1- 3 |  4- 6 |  7- 9 || total
-------------------------+-------+-------+-------++-------
Melee: Long sword        |   104 |   184 |   246 ||   534
Evoke: Wand              |       |       |     3 ||     3
  Use: Potion            |     3 |     1 |     4 ||     8
       Scroll            |       |       |     2 ||     2
 Stab: Paralysed         |       |       |     4 ||     4
  Eat: Chunk             |       |     5 |    12 ||    17
Armor: Scale mail        |    56 |    96 |    98 ||   250
Dodge: Dodged            |    31 |    61 |    62 ||   154
Block: Shield            |    46 |    96 |   109 ||   251
       Rpst.: Long sword |    11 |    19 |    22 ||    52
